 Dungeon Crawl Stone Soup version 0.23.0 (webtiles) character file.

Game seed: 10149456550055991455

195 dwarken the Poker (level 5, -2/43 HPs)
             Began as a Demonspawn Berserker on Feb 18, 2019.
             Was a Believer of Trog.
             Blown up by Ijyb (20 damage)
             ... with a wand of disintegration (9)
             ... on level 3 of the Dungeon.
             The game lasted 00:21:45 (2572 turns).

dwarken the Poker (Demonspawn Berserker)            Turns: 2572, Time: 00:21:45

Health: -2/43      AC:  7    Str: 18    XL:     5   Next: 45%
Magic:  0/5        EV: 11    Int:  8    God:    Trog [**....]
Gold:   124        SH:  0    Dex: 13    Spells: 4/4 levels left

rFire    . . .     SeeInvis .   f - +0 falchion (protect)
rCold    . . .     Gourm    .   (no shield)
rNeg     . . .     Faith    .   h - +0 ring mail
rPois    +         Spirit   +   (no helmet)
rElec    .         Reflect  .   (no cloak)
rCorr    .         Harm     .   (no gloves)
MR       .....                  (no boots)
Stlth    +.........             (no amulet)
HPRegen  0.14/turn              u - ring of poison resistance
MPRegen  0.09/turn              (no ring)

@: no status effects
A: rugged brown scales 2, demonic guardian 1, magic shield
a: Berserk, Trog's Hand, Renounce Religion


You were on level 3 of the Dungeon.
You worshipped Trog.
Trog was pleased with you.
You were very hungry.

You visited 1 branch of the dungeon, and saw 3 of its levels.

You collected 124 gold pieces.

Inventory:

Hand Weapons
 a - a +0 spear
 d - a +0 club
 f - a +0 falchion of protection (weapon)
 g - a +0 club
 r - a +0 hand axe of flaming
 v - a +0 hand axe
Missiles
 e - 124 stones (quivered)
Armour
 b - a +0 animal skin
 h - a +0 ring mail (worn)
 p - a +0 robe
 q - a +0 ring mail
 x - a +0 scale mail
Jewellery
 u - a ring of poison resistance (left hand)
Wands
 y - a wand of random effects (19)
Scrolls
 i - a scroll of enchant weapon {unknown}
 k - a scroll of magic mapping {unknown}
 l - 3 scrolls of remove curse {unknown}
 n - a scroll of fog {unknown}
 o - 2 scrolls of identify {unknown}
 s - a scroll of enchant armour {unknown}
 t - 2 scrolls of teleportation {unknown}
 w - a scroll of fear {unknown}
Potions
 j - a potion of lignification
 z - a potion of resistance {unknown}
Comestibles
 c - 6 rations
 A - 2 chunks of flesh


   Skills:
 - Level 3.0 Fighting
 * Level 2.8 Long Blades
 - Level 4.7 Polearms
 - Level 1.7 Armour
 - Level 1.7 Dodging


You had 4 spell levels left.
You didn't know any spells.
Your spell library was empty.

Dungeon Overview and Level Annotations

Branches:
Dungeon (3/15)

Altars:
Kikubaaqudgha
Sif Muna
Trog

Annotations:
D:3 Ijyb


Innate Abilities, Weirdness & Mutations

You are mostly covered in rugged brown scales. (AC +2, +5% HP)
A weak demonic guardian rushes to your aid.
When hurt, damage is shared between your health and your magic reserves.


Message History

You hit Ijyb.
Your weapon exudes an aura of protection.
Ijyb is heavily wounded.
Ijyb zaps a wand.
You are blasted!
You barely miss Ijyb.
Ijyb is heavily wounded.
Ijyb hits you but does no damage.
You hit Ijyb but do no damage.
Ijyb is heavily wounded.
You feel less wooden.
Your +0 ring mail unmelds from your body.
Ijyb hits you but does no damage.
You barely miss Ijyb.
Ijyb is heavily wounded.
Ijyb hits you but does no damage.
You closely miss Ijyb.
Ijyb is heavily wounded.
Ijyb barely misses you.
Ijyb zaps a wand.
You are blasted!
You die...

≈≈≈≈.. ≈...... #. #≈≈≈≈≈
....... ###.###.#≈≈
....... ..?#.....#
....... ###.......##
....... ........).#
......# #.#.....####
.#...## .. #....g.....#
......# ..##...@......#
#####.# ........).....##
#####.. ................
....... #..........<..##
######.###...#.........#
# ...###.#...<.....#
########.###.#.........##
...##........#..).......#
..)##............####....


You could see Ijyb.

Vanquished Creatures
  Jessica (D:3)
  An adder (D:2)
  An ooze (D:2)
  2 worms
  A dart slug (D:1)
  A leopard gecko (D:2)
  2 orcs
  A ball python (D:3)
  4 bats
  5 giant cockroaches
  6 goblins
  4 hobgoblins
  A quokka (D:2)
  2 frilled lizards (D:2)
  6 kobolds
  8 rats
46 creatures vanquished.

Vanquished Creatures (collateral kills)
  An orc priest (D:3)
  3 orc wizards
  4 adders
  A worm (D:3)
  4 orcs
  A rat (D:2)
14 creatures vanquished.

Grand Total: 60 creatures vanquished

Notes
Turn   | Place    | Note
-------+----------+-------------------------------------------
     0 | D:1      | dwarken the Demonspawn Berserker began the quest for the
                  | Orb.
     0 | D:1      | Reached XP level 1. HP: 18/18 MP: 1/1
   223 | D:1      | Reached skill level 3 in Polearms
   543 | D:1      | Gained mutation: You are partially covered in rugged brown
                  | scales. (AC +1, +3% HP) [demonic ancestry]
   543 | D:1      | Reached XP level 2. HP: 12/24 MP: 2/2
  1281 | D:2      | Gained mutation: A weak demonic guardian rushes to your
                  | aid. [demonic ancestry]
  1281 | D:2      | Reached XP level 3. HP: 29/29 MP: 3/3
  1338 | D:2      | Found a deep blue altar of Sif Muna.
  1436 | D:2      | Reached skill level 4 in Polearms
  1670 | D:2      | Reached ** piety under Trog
  1695 | D:2      | Gained mutation: When hurt, damage is shared between your
                  | health and your magic reserves. [demonic ancestry]
  1695 | D:2      | Reached XP level 4. HP: 16/36 MP: 4/4
  1948 | D:2      | Found an ancient bone altar of Kikubaaqudgha.
  2213 | D:2      | Reached skill level 1 in Long Blades
  2229 | D:2      | Found a bloodstained altar of Trog.
  2393 | D:3      | Gained mutation: You are mostly covered in rugged brown
                  | scales. (AC +2, +5% HP) [demonic ancestry]
  2393 | D:3      | Reached XP level 5. HP: 36/43 MP: 5/5
  2435 | D:3      | Noticed Jessica
  2439 | D:3      | Killed Jessica
  2534 | D:3      | Noticed Ijyb
  2572 | D:3      | Blown up by Ijyb

Skill      XL: |  1  2  3  4  5 |
---------------+----------------+-----
Polearms       | 3 4 |  4.7
Long Blades    | 1 2 |  2.8
Fighting       | |  3.0
Armour         | |  1.7
Dodging        | |  1.7

Action                   |  1- 3 |  4- 6 || total
-------------------------+-------+-------++-------
Melee: Spear             |   122 |     5 ||   127
       Falchion          |       |    87 ||    87
Invok: Trog's Hand       |     1 |       ||     1
  Use: Potion            |     1 |     3 ||     4
  Eat: Ration            |     1 |       ||     1
       Chunk             |       |     1 ||     1
Armor: Animal skin       |     8 |       ||     8
       Ring mail         |    33 |    35 ||    68
       Skin              |       |     6 ||     6
Dodge: Dodged            |    62 |    46 ||   108
       Rpst.: Falchion   |       |    13 ||    13
